 Dungeon Crawl Stone Soup version 0.30-a0-756-gc2185399d4 (webtiles) character file.

Game seed: 13799621902225675477

60 Angani the Magician (level 3, -4/26 HPs)
             Began as a Draconian Hedge Wizard on Feb 10, 2023.
             Slain by Sigmund
             ... wielding a +0 scythe
              (5 damage)
             ... on level 2 of the Dungeon.
             The game lasted 00:02:49 (1387 turns).

Angani the Magician (Draconian Hedge Wizard)        Turns: 1387, Time: 00:02:49

Health: -4/26      AC:  5    Str: 12    XL:     3   Next: 80%
Magic:  6/7        EV: 12    Int: 16    God:
Gold:   72         SH:  0    Dex: 10    Spells: 7/8 levels left

rFire   . . .      SeeInvis .    a - +0 dagger (chaos)
rCold   . . .      Faith    .    (no shield)
rNeg    . . .      Spirit   .    (body armour unavailable)
rPois   .          Reflect  .    b - +0 hat
rElec   .          Harm     .    (no cloak)
rCorr   .          Rampage  .    (no gloves)
Will    .....                    (no boots)
Stlth   ++                       (no amulet)
HPRegen 0.24/turn                (no ring)
MPRegen 0.10/turn                (no ring)

@: no status effects
A: AC +5, unfitting armour, cold-blooded
a: no special abilities


You were on level 2 of the Dungeon.
You visited 1 branch of the dungeon, and saw 2 of its levels.

You collected 72 gold pieces.

Inventory:

Hand Weapons
 a - a +0 dagger of chaos (weapon)
Armour
 b - a +0 hat (worn)
Scrolls
 e - a scroll of vulnerability
 f - a scroll of amnesia
Potions
 d - 2 potions of flight


   Skills:
 - Level 1.7 Dodging
 - Level 1.7 Stealth
 + Level 3.4 Spellcasting
 + Level 2.0 Conjurations
 + Level 2.0 Summonings
 + Level 1.9 Translocations


You had 7 spell levels left.
You knew the following spells:

 Your Spells              Type           Power      Damage    Failure   Level
a - Magic Dart            Conj           36%        1d4       8%          1

Your spell library contained the following spells:

 Spells                   Type           Power      Damage    Failure   Level
 Blink                    Tloc           16%        N/A       12%         2
 Call Imp                 Summ           9%         N/A       12%         2
 Slow                     Hex            8%         N/A       19%         1
 Cigotuvi's Dreadful Rot  Necr/Pois/Air  4%         N/A       26%         2
 Mephitic Cloud           Conj/Pois/Air  4%         N/A       38%         3


Dungeon Overview and Level Annotations

Branches:
Dungeon (2/15)

Altars:

Annotations:
D:2 Sigmund


Innate Abilities, Weirdness & Mutations

Your plain brown scales are hard. (AC +5)
You cannot fit into any form of body armour.
You are cold-blooded and may be slowed by cold attacks.


Message History

Your Conjurations skill increases to level 2!
Your Summonings skill increases to level 2!
Found a stone staircase leading up.
You start resting.
Something hits you.
You start resting.
Something barely misses you.
You swing at nothing.
Something hits you but does no damage.
You swing at nothing.
You swing at nothing.
Something barely misses you.
You hear some strange, mumbled words.
A puff of flame appears from out of thin air!
The puff of flame misses you.
You closely miss something.
You hear some strange, mumbled words.
You are confused.
Something hits you!
Sigmund appears from thin air!
Reactivating autopickup.
Sigmund casts a spell.
Sigmund flickers and vanishes!
Deactivating autopickup; reactivate with Ctrl-A.
You closely miss something.
Your tail-slap misses something.
Something hits you. Something hits you.
You bump into the rock wall.
Okay, then.
You barely miss something. Something hits you.
* * * LOW HITPOINT WARNING * * *
You bump into the rock wall.
You feel less confused.
You hear some strange, mumbled words.
A puff of flame appears from out of thin air!
The puff of flame hits you.
* * * LOW HITPOINT WARNING * * *
You miss something.
Your tail-slap misses something.
Something hits you.
* * * LOW HITPOINT WARNING * * *
You hit something. You miss something. Something hits you.
You die...

#.....#.......)..?..#
#<....#######.#######
########.....# #......#
#.......)...<#
#.##.#.######
#.#####......#
#.##.........
#.#####.##.#.#
#.####.####..
#.##.......#.# #.####.#
#.##.##.####.####......#
#.##.#..[...@{.......#.#
#............####.##...#
####.#.####.## #.##.#.#
#..........# #.###..#
#...#.####.# #.###..#
##..........# #......##
#...##...[.<# ###.....#
#†.....#..... #.#.#.#
#.######.... ###.#.#.#


There were no monsters in sight!

Vanquished Creatures
  An adder (D:2)
  A worm (D:2)
  3 dart slugs (D:1)
  3 endoplasms
  3 giant cockroaches
  3 goblins (D:1)
  2 hobgoblins (D:1)
  4 jackals (D:1)
  5 ball pythons
  4 bats
  4 frilled lizards (D:1)
  6 kobolds
  A rat (D:1)
40 creatures vanquished.

Notes
Turn   | Place    | Note
-------+----------+-------------------------------------------
     0 | D:1      | Angani the Draconian Hedge Wizard began the quest for the
                  | Orb.
     0 | D:1      | Reached XP level 1. HP: 14/14 MP: 4/4
   163 | D:1      | Reached XP level 2. HP: 17/20 MP: 6/6
   547 | D:1      | Reached XP level 3. HP: 26/26 MP: 2/7
  1333 | D:2      | Noticed Sigmund
  1385 | D:2      | HP: 1/26 [something (5)]
  1387 | D:2      | Slain by Sigmund

Illustrated notes

Levels and vault maps discovered:
D:1:      dpeg_arrival_ternary, layout_loops_ring
D:2:      layout_loops_cross, hangedman_decor_diamond_cutter, minmay_tromino_v2,
          uniq_sigmund, uniq_jessica

Skill      XL: |  1  2  3 |
---------------+----------+-----
Conjurations   | 2 |  2.0
Summonings     | 2 |  2.0
Dodging        | |  1.7
Stealth        | |  1.7
Spellcasting   | |  3.4
Translocations | |  1.9

Action                     || total
---------------------------++-------
  Melee: Dagger            ||   107
         Tailslap          ||    10
         Punch             ||     2
   Cast: Magic Dart        ||    60
    Use: Scroll            ||     8
         Potion            ||     1
   Stab: Sleeping          ||     1
         Petrified         ||     1
 Armour: Skin              ||    26
  Dodge: Dodged            ||   100

Table legend: (Time is in decaauts)
 A = Elapsed time spent in this place.
 B = Non-inter-level travel time spent in this place.
 C = Inter-level travel time spent in this place.
 D = Time resting spent in this place.
 E = Time spent auto-exploring this place.
 F = Levels seen in this place.
 G = Mean time per level.
                   A        B        C        D        E       F      G
               +--------+--------+--------+--------+--------+-----+--------+
         Total |   1387 |   1381 |      6 |    126 |    942 |   2 |  693.5 |
       Dungeon |   1387 |   1381 |      6 |    126 |    942 |   2 |  693.5 |
               +--------+--------+--------+--------+--------+-----+--------+

Top non-repeatable levels by time:
     D:1: 1021 daAuts
     D:2: 366 daAuts
